← All builds
Suicide front / Armada / Factory first / OBSERVED BUILD

Standard suicide front

Armada Suicide front build order · Supreme Isthmus

The role's baseline: Bot Lab at 0:21 then straight into reclaim-fed T1 bot production to contest the middle and hold until T2 arrives, with an Advanced Metal Extractor around 9:45.

#rush · 2010 distinct matches · 229 players · 72% of Armada Suicide front games · team won 59% of 2383 · Recently observed

HOW TO PLAY IT

Key timing: Bot Lab by 0:20

  1. Open with mex and lab-first to get Bot Lab up by 0:20.
  2. Expand mex and wind while lab pumps units toward middle.
  3. Push Sentry and early Rocketeer, Centurion to contest middle.
  4. Get T2 constructor out once Pond's boost lets you spare metal.
  5. Upgrade mex to Advanced Metal Extractor as you transition off T1 spam.

Phase by phase

TYPICAL OF ITS 2010 GAMES
  1. 1
  2. 2
  3. 3
PLAY THE OPENING

Follow the example game's first 6:00 step by step: what to build now, what comes next, and where it goes. At 1× it keeps pace with your own game.

  1. 1

    Bot Lab first

    Order
    1. Bot LabBot Lab done ~0:21, middle half 0:20–0:33

    Some games also: mex (44%)

  2. 2

    Bot Lab to 5:00

    Economy
    • Metal Extractor5Mex
    • Wind Turbine4Wind
    Builders
    • Construction Bot3 Con bot
    • Lazarus2 Lazarus
    Army
    • Sentry4 Sentry
    • Rocketeer16 Rocketeer
    • Tick2 Tick
    • Centurion1 Centurion
    Other
    • Radar Tower1 Radar Tower

    Some games also: pawn (38%) · con turret (34%)

    By 5:00 in all: 5 mex · 4 wind

    The example game in this phase · 41 steps
    1. TickTick
    2. Mex
    3. Construction BotCon bot
    4. Wind
    5. Construction BotCon bot
    6. Mex ×2
    7. SentrySentry
    8. Construction BotCon bot
    9. MaceMace ×2
    10. Mex
    11. RocketeerRocketeer ×3
    12. BeamerBeamer
    13. RocketeerRocketeer
    14. BeamerBeamer
    15. Radar TowerRadar Tower
    16. RocketeerRocketeer ×4
    17. BeamerBeamer
    18. RocketeerRocketeer ×2
    19. LazarusLazarusfor Front
    20. Mex
    21. Wind
    22. Radar TowerRadar Tower
    23. RocketeerRocketeer ×2
    24. Dragon's TeethDragon's Teeth
    25. Wind
    26. Dragon's TeethDragon's Teeth ×3
    27. RocketeerRocketeer
    28. Dragon's TeethDragon's Teeth ×3
    29. RocketeerRocketeer
    30. Dragon's TeethDragon's Teeth ×2
    31. Wind
    32. Dragon's TeethDragon's Teeth ×3
    33. RocketeerRocketeer
    34. Dragon's TeethDragon's Teeth
    35. BeamerBeamer
    36. Construction BotCon bot
    37. Wind
    38. RocketeerRocketeer
    39. Wind
    40. RocketeerRocketeer
    41. PawnPawn
  3. 3

    5:00 to 10:00

    Economy
    • Metal Extractor1Mex
    • Wind Turbine15Wind
    Builders
    • Construction Turret2 Con turret
    • Lazarus2 Lazarus
    • Construction Bot1 Con bot
    Army
    • Sentry1 Sentry
    • Rocketeer8 Rocketeer

    Some games also: pawn (49%) · Radar Tower (46%) · tick (45%) · centurion (44%) · energy storage (43%) · eat Bot Lab (31%)

    By 10:00 in all: 6 mex · 21 wind · 1 energy storage · 2 con turret

    The example game in this phase · 50 steps
    1. BeamerBeamer
    2. PawnPawn
    3. Wind
    4. PawnPawn
    5. Mex
    6. PawnPawn ×3
    7. Wind
    8. PawnPawn ×2
    9. BeamerBeamer
    10. PawnPawn
    11. Wind
    12. PawnPawn ×2
    13. RocketeerRocketeer ×2
    14. Mex
    15. Wind
    16. RocketeerRocketeer
    17. BeamerBeamer
    18. LazarusLazarus
    19. Wind
    20. LazarusLazarus
    21. RocketeerRocketeer ×2
    22. Wind
    23. LazarusLazarus
    24. RocketeerRocketeer ×2
    25. Wind
    26. RocketeerRocketeer
    27. LazarusLazarus
    28. Radar TowerRadar Tower
    29. LazarusLazarus
    30. RocketeerRocketeer ×3
    31. Energy storage
    32. BeamerBeamer
    33. RocketeerRocketeer
    34. Advanced Metal ExtractorT2 mexdone 9:59 · typical 9:46
    35. RocketeerRocketeer
    36. LazarusLazarus ×3
    37. RocketeerRocketeer
    38. SentrySentry
    39. Advanced Metal ExtractorT2 mex
    40. RocketeerRocketeer
    41. Con turret
    42. SentrySentry
    43. LazarusLazarus
    44. SentrySentry
    45. RattlesnakeRattlesnakenot finished by 15:00
    46. SentrySentry
    47. Con turret
    48. PawnPawn
    49. SentrySentry
    50. PawnPawn ×7

Counts are medians over the build's games: half of them build more, half fewer. The example game is Damsko's (42 OS, 14/10/2026); pick another.

Team trades

IN AT LEAST 30% OF ITS GAMES

You hand over

Nothing regular.

You get

  • Tidal Generator4 Tidal from Pondfirst at 0:10 · in 68% of games
  • Advanced Construction Bot1 T2 con bot from Geo or Techfirst at 7:41 · in 57% of games

How it plays out

Typical game of this build, running totals by minute

Metal produced

010k20k
0:005:0010:0015:00

metal

Enemy metal destroyed

05k10k
0:005:0010:0015:00

metal

Own metal lost

05k10k
0:005:0010:0015:00

metal

2383 games.

Show as table
ByMetal produced: This buildEnemy metal destroyed: This buildOwn metal lost: This build
1:0023000
2:0088700
3:002009184130
4:003110645501
5:00418513571000
6:00534921831712
7:00653930512597
8:00776039393502
9:00904647004376
10:001041853145163
11:001189458585965
12:001360664076686
13:001540768797437
14:001729875058212
15:001926981098991
WHAT THE NUMBERS SAY

Standard Suicide front play wins a bit over half its games while taking the heaviest own losses of any role by 15:00.

  • + Produces 20142 metal by 15:00, highest of the front roles.
  • + First kill by 2:01 in all games, fastest contest of middle.
  • − Own metal lost hits 9178 by 15:00, more than enemy metal destroyed.
  • − Only 34% Rocketeer share shows army spread thin across many bot types.
THE EXAMPLE YOU ARE READING

Damsko

41.7 OS · 14/10/2026

Open source match ↗

10 received units · includes a constructor
43 metal received · 11928 energy received

Allied construction assistance is unknown. Timings are observations, not a promise of solo reproducibility.

Typical milestones

Bot Lab0:21Middle 50%: 0:20–0:33 · n=2375
Advanced Metal Extractor9:46Middle 50%: 8:50–10:58 · n=1723

Played most by

_X_262games of this buildPlatinumBlonde188games of this buildXad166games of this buildTrapCaT107games of this buildImmort80games of this build